 Dungeon Crawl Stone Soup version 0.30-a0-918-g0ff054e9dc (webtiles) character file.

Game seed: 13566768275504836870

17773 Pimp the Cleaver (level 12, -3/94 HPs)
             Began as a Demonspawn Fighter on Mar 20, 2023.
             Was a High Priest of Makhleb.
             Slain by a rust devil (6 damage)
             ... summoned by an orc high priest
             ... on level 2 of the Orcish Mines.
             The game lasted 00:37:35 (9916 turns).

Pimp the Cleaver (Demonspawn Fighter)               Turns: 9916, Time: 00:37:36

Health: -3/94      AC:  0    Str: 26    XL:     12   Next: 21%
Magic:  18/18      EV: 18    Int: 11    God:    Makhleb [*****.]
Gold:   1251       SH:  7    Dex: 13    Spells: 19/19 levels left

rFire   . . .      SeeInvis +    e - +3 broad axe (flame)
rCold   . . .      Faith    .    c - +1 buckler
rNeg    . . .      Spirit   .    F - +0 chain mail {Will+}
rPois   .          Reflect  .    (helmet unavailable)
rElec   .          Rampage  .    w - +0 cloak
rCorr   .                        (no gloves)
Will    +....                    x - +2 pair of boots Stlth
                                 m - amulet of regeneration
HPRegen 1.15/turn                f - +6 ring of strength
MPRegen 0.16/turn                H - +5 ring of evasion

@: lethally poisoned (-3 -> -21), about to teleport, corroded, hasted, very
quick
A: antennae 3, repulsion field 1, demonic guardian 2, condensation shield
a: Renounce Religion, Minor Destruction, Lesser Servant of Makhleb, Major
Destruction, Greater Servant of Makhleb


You were on level 2 of the Orcish Mines.
You worshipped Makhleb.
Makhleb was extremely pleased with you.
You visited 3 branches of the dungeon, and saw 12 of its levels.
You also visited: Sewer, Bailey and Ice Cave.

You collected 1443 gold pieces.
You spent 192 gold pieces at shops.

Inventory:

Hand Weapons
 a - a +1 war axe of electrocution
 e - a +3 broad axe of flaming (weapon)
 z - the +11 hand axe "Banyj" {freeze, +Blink Will+}
   (You bought it in a shop on level 2 of the Orcish Mines)

   +Blink:    It lets you blink.
   Will:      It increases your willpower.
Missiles
 k - 20 poisoned darts
 q - 9 throwing nets
Armour
 b - a +0 scale mail
 c - a +1 buckler (worn)
 w - a +0 cloak (worn)
 x - a +2 pair of boots (worn)
 F - a +0 chain mail of willpower (worn)
Jewellery
 f - a +6 ring of strength (left hand)
 m - an amulet of regeneration (around neck)
 s - a ring of fire
 v - a ring of willpower
 D - a +4 ring of slaying
 G - a +6 ring of strength
 H - a +5 ring of evasion (right hand)
 K - a ring of protection from fire
Wands
 d - a wand of flame (20) (quivered)
 r - a wand of paralysis (38)
 u - a wand of acid (2)
 y - a wand of mindburst (5)
Scrolls
 h - 2 scrolls of teleportation
 i - 3 scrolls of fog
 t - a scroll of brand weapon
 A - a scroll of blinking
 C - 2 scrolls of identify
 I - a scroll of immolation
Potions
 g - 2 potions of haste
 j - 2 potions of ambrosia
 l - a potion of degeneration
 n - a potion of attraction
 o - a potion of flight
 p - 5 potions of heal wounds
 B - a potion of cancellation
 L - a potion of invisibility
Miscellaneous
 E - a phial of floods


   Skills:
 + Level 8.9 Fighting
 * Level 9.2 Axes
 + Level 8.0 Armour
 + Level 7.2 Dodging
 + Level 8.1 Shields
 + Level 4.4 Spellcasting
 + Level 6.5 Invocations


You had 19 spell levels left.
You didn't know any spells.
Your spell library contained the following spells:

 Spells                   Type           Power      Damage    Failure   Level
 Apportation              Tloc           4%         N/A       83%         1
 Necrotise                Necr           8%         1d4       83%         1
 Shock                    Conj/Air       8%         1d3       83%         1
 Summon Small Mammal      Summ           8%         N/A       83%         1
 Ensorcelled Hibernation  Hex/Ice        4%         N/A       92%         2
 Sublimation of Blood     Necr           2%         N/A       92%         2
 Wereblood                Tmut           2%         N/A       92%         2
 Call Canine Familiar     Summ           2%         N/A       99%         3
 Gell's Gravitas          Tloc           2%         N/A       99%         3
 Spider Form              Tmut/Pois      2%         N/A       99%         3
 Summon Guardian Golem    Hex/Summ       2%         N/A       99%         3
 Swiftness                Air            2%         N/A       99%         3
 Teleport Other           Tloc           2%         N/A       99%         3
 Airstrike                Air            1%         2d(1-17)  100%        4
 Anguish                  Hex/Necr       1%         N/A       100%        4
 Summon Lightning Spire   Summ/Air       2%         N/A       100%        4
 Plasma Beam              Fire/Air       1%         2x1d12    100%        5
 Dispersal                Tloc           1%         N/A       100%        6
 Summon Hydra             Summ           1%         N/A       100%        7


Dungeon Overview and Level Annotations

Branches:
Dungeon (10/15)            Temple (1/1) D:5            Lair (0/5) D:10
    Orc (2/2) D:10            Elf (0/3) Orc:2         Sewer (visited)
 Bailey (visited)           IceCv (visited)

Altars:
Ashenzari
Cheibriados
Dithmenos
Fedhas
Gozag
Hepliaklqana
Kikubaaqudgha
Makhleb
Nemelex Xobeh
Okawaru
Qazlal
Ru
Vehumet
Wu Jian
Xom
Yredelemnul

Shops:
D:9 (   Orc:2 ((

Annotations:
D:10 1 transporter, exclusion: oklob sapling


Innate Abilities, Weirdness & Mutations

You have a pair of large antennae on your head. (SInv)
You are surrounded by a mild repulsion field. (EV +2)
A demonic guardian rushes to your aid.
A meltable shield of frost defends you. (SH +0)


Message History

You feel yourself speed up.
The warg stops to sniff the ground.
You block the rust devil's attack. The orc high priest closely misses you.
You slash the orc high priest! You burn the orc high priest!
The orc high priest is severely wounded.
You hit the rust devil but do no damage.
You block the rust devil's attack.
The orc high priest mumbles some strange prayers to Beogh.
You hit the orc high priest. You burn the orc high priest.
The orc high priest is almost dead.
You hit the rust devil but do no damage.
You hit the orc high priest but do no damage.
The orc high priest is almost dead.
You hit the rust devil but do no damage.
The rust devil hits you. The rust devil corrodes you!
An orc priest comes into view. It is wielding a +0 morningstar.
The orc high priest prays to Beogh.
You barely miss the orc high priest.
The orc high priest is almost dead.
You barely miss the smoke demon.
The orc priest shouts!
You hit the orange demon but do no damage.
You barely miss the rust devil. The rust devil completely misses you.
The orc high priest hits you with a +0 battleaxe!!
The smoke demon gestures at you. The ball of steam hits you!!
Your condensation shield dissipates!
* * * LOW HITPOINT WARNING * * *
As you read the scroll of teleportation, it crumbles to dust.
You feel strangely unstable.
You are engulfed in a cloud of scalding steam.
* * * LOW HITPOINT WARNING * * *
A demonic guardian appears!
The orc priest shouts!
The orange demon stings you!
* * * LOW HITPOINT WARNING * * *
You are lethally poisoned!
The orange demon poisons you! The orange demon closely misses you.
The rust devil hits you.
You die...

## ####################.##≈.... .
... ... ........h....#.#≈.. . ...
... .....3..h...###≈#≈. # #.# #.#
#..######o...#..≈#. # #.# #.#
#..# #{..#.....≈
#######)###.###..# #..........
..)))))......))4.#{ { #.{.....>..
###.###....)...34##o###..........
# #.# #..8...8).@ohho.o..........
# #.# #........4)##3###o.........
# #.# #.###'###..# {{{#..........
. ......#.....#..# #..........
###.###.#.....#..# #.......... #
#.# #.#.._..#..# #.......[.. #
#.# #######..######........). ...
. ....................##..
......................# ##


You could see an orc high priest, an orange demon (summoned), a rust devil
(summoned, ally target), a sixfirhy (summoned), a smoke demon (summoned), 2
wargs, 3 orc priests, an orc and a friendly orange demon (summoned).

Vanquished Creatures
  4 orc high priests (Orc:2)
  Pikel (D:4)
  An orc sorcerer (Orc:1)
  2 cyclopes
  A moth of wrath (shapeshifter) (D:10)
  Joseph (D:7)
  A gargoyle (D:9)
  A rime drake (Orc:2)
  2 kobold demonologists (D:9)
  An unseen horror (D:10)
  Maggie (D:7)
  A freezing wraith (IceCv)
  2 trolls
  2 hornets (D:9)
  Sigmund (D:6)
  10 yaks
  2 wraiths
  A wyvern (D:9)
  A vampire mosquito (D:9)
  A two-headed ogre zombie (D:10)
  4 wargs
  Duvessa (D:7)
  5 water moccasins
  9 orc warriors
  Pargi (Sewer)
  9 ogres
  6 wolves (Bailey)
  4 centaurs
  A lemure (D:4)
  3 kobold brigands
  2 phantoms (D:10)
  A bullfrog (D:6)
  9 gnoll sergeants
  2 scorpions
  2 troll zombies (D:10)
  A killer bee (D:7)
  2 howler monkeys (D:9)
  6 hounds
  4 gnoll boudas
  25 orc priests
  2 sleepcaps (D:5)
  2 iguanas
  Ijyb (D:4)
  15 orc wizards
  A polar bear simulacrum (IceCv)
  A wolf simulacrum (IceCv)
  5 ogre zombies (D:10)
  20 gnolls
  11 adders
  3 shadow imps (D:7)
  A white imp (D:7)
  3 ufetubi (D:5)
  3 worms
  4 dart slugs
  59 orcs
  15 ball pythons
  5 bats
  6 endoplasms
  6 giant cockroaches
  12 goblins
  3 hobgoblins
  2 jackals (D:1)
  9 quokkas
  5 frilled lizards
  3 goblin skeletons (D:10)
  A goblin zombie (D:10)
  3 hobgoblin skeletons (D:10)
  A hobgoblin zombie (D:10)
  21 kobolds
  5 orc skeletons (D:10)
  12 orc zombies (D:10)
  7 rats
381 creatures vanquished.

Vanquished Creatures (collateral kills)
  A rime drake (Orc:2)
  A troll (D:9)
  A yak (D:9)
  An orc warrior (Orc:1)
  An ogre (Orc:1)
  Dowan (D:7)
  4 killer bees (D:7)
  2 hounds (Bailey)
  An orc priest (D:3)
  2 gnoll boudas (Bailey)
  2 orc wizards (D:3)
  An adder (D:2)
  3 gnolls (Bailey)
  A worm (D:2)
  5 orcs
  An endoplasm (D:2)
  A giant cockroach (D:3)
  A quokka (D:3)
  A bush (D:6)
31 creatures vanquished.

Vanquished Creatures (others)
  An orc priest (Orc:2)
  18 plants
19 creatures vanquished.

Grand Total: 431 creatures vanquished

Notes
Turn   | Place    | Note
-------+----------+-------------------------------------------
     0 | D:1      | Pimp the Demonspawn Fighter began the quest for the Orb.
     0 | D:1      | Reached XP level 1. HP: 18/18 MP: 1/1
   127 | D:1      | Reached skill level 2 in Axes
   127 | D:1      | Gained mutation: A weak demonic guardian rushes to your
                  | aid. [demonic ancestry]
   127 | D:1      | Reached XP level 2. HP: 15/24 MP: 2/2
   939 | D:2      | Gained mutation: You have a pair of small antennae on your
                  | head. [demonic ancestry]
   939 | D:2      | Reached XP level 3. HP: 18/29 MP: 3/3
  1975 | D:3      | Gained mutation: A demonic guardian rushes to your aid.
                  | [demonic ancestry]
  1975 | D:3      | Reached XP level 4. HP: 35/35 MP: 4/4
  1980 | D:3      | Found a glowing drain.
  1997 | Sewer    | Entered a sewer
  2043 | Sewer    | Noticed Pargi
  2058 | Sewer    | Killed Pargi
  2059 | Sewer    | Reached skill level 1 in Dodging
  2059 | Sewer    | Reached XP level 5. HP: 11/42 MP: 5/5
  2493 | D:3      | Reached skill level 3 in Axes
  2749 | D:3      | Gained mutation: A meltable shield of frost defends you.
                  | (SH +0) [demonic ancestry]
  2749 | D:3      | Reached XP level 6. HP: 48/48 MP: 6/6
  2862 | D:3      | Found a stormy altar of Qazlal.
  3516 | D:4      | Noticed Pikel
  3524 | D:4      | Killed Pikel
  3525 | D:4      | Reached skill level 5 in Fighting
  3525 | D:4      | Reached skill level 4 in Axes
  3525 | D:4      | Gained mutation: You are surrounded by a mild repulsion
                  | field. (EV +2) [demonic ancestry]
  3525 | D:4      | Reached XP level 7. HP: 15/56 MP: 7/7
  3534 | D:4      | Noticed Ijyb
  3577 | D:4      | Killed Ijyb
  4117 | D:5      | Entered Level 5 of the Dungeon
  4159 | D:5      | Found a hazy altar of Hepliaklqana.
  4169 | D:5      | Reached XP level 8. HP: 62/62 MP: 8/8
  4413 | D:5      | Found a staircase to the Ecumenical Temple.
  4435 | Temple   | Entered the Ecumenical Temple
  4450 | Temple   | Became a worshipper of Makhleb the Destroyer
  4537 | D:5      | Found an opulent altar of Gozag.
  4793 | D:5      | Reached skill level 5 in Armour
  4793 | D:5      | Reached skill level 5 in Shields
  5106 | D:5      | Reached skill level 5 in Axes
  5282 | D:6      | Gained mutation: You have a pair of antennae on your head.
                  | [demonic ancestry]
  5282 | D:6      | Reached XP level 9. HP: 62/69 MP: 9/9
  5497 | D:6      | Noticed Sigmund
  5725 | D:6      | Killed Sigmund
  6108 | D:7      | Noticed Maggie
  6117 | D:7      | Killed Maggie
  6117 | D:7      | Reached * piety under Makhleb
  6118 | D:7      | Reached skill level 5 in Dodging
  6227 | D:7      | Noticed Joseph
  6242 | D:7      | Killed Joseph
  6364 | D:7      | Noticed Duvessa
  6365 | D:7      | Noticed Dowan
  6370 | D:7      | Killed Duvessa
  6370 | D:7      | Killed Dowan
  6371 | D:7      | Reached skill level 6 in Axes
  6797 | D:7      | Gained mutation: You have a pair of large antennae on your
                  | head. (SInv) [demonic ancestry]
  6797 | D:7      | Reached XP level 10. HP: 74/79 MP: 10/10
  6871 | D:7      | You fall into a shaft and drop 2 floors!
  6895 | D:9      | Found a flagged portal.
  6911 | Bailey   | Entered a bailey
  6954 | Bailey   | Reached skill level 1 in Invocations
  7003 | Bailey   | Reached ** piety under Makhleb
  7028 | Bailey   | Reached skill level 1 in Spellcasting
  7294 | D:9      | Found Varutapn's Weapon Emporium.
  7353 | D:9      | Reached skill level 7 in Axes
  7377 | D:9      | Found a stormy altar of Qazlal.
  7452 | D:9      | Found an ancient bone altar of Kikubaaqudgha.
  7452 | D:9      | Found a broken altar of Ashenzari.
  7453 | D:9      | Found an iron altar of Okawaru.
  7453 | D:9      | Found a blossoming altar of Fedhas.
  7456 | D:9      | Found a snail-covered altar of Cheibriados.
  7459 | D:9      | Found a shadowy altar of Dithmenos.
  7464 | D:9      | Reached *** piety under Makhleb
  7660 | D:9      | Reached XP level 11. HP: 44/86 MP: 14/14
  7907 | D:9      | Found a shimmering altar of Xom.
  8081 | D:10     | Entered Level 10 of the Dungeon
  8261 | D:10     | Found a staircase to the Orcish Mines.
  8264 | D:10     | Reached **** piety under Makhleb
  8335 | D:10     | Reached skill level 8 in Axes
  8447 | D:10     | Found a staircase to the Lair.
  8706 | D:10     | Found a sparkling altar of Nemelex Xobeh.
  8706 | D:10     | Found a transporter.
  8706 | D:10     | Noticed a yaktaur captain
  8751 | D:10     | Identified a scroll of acquirement
  8751 | D:10     | Acquired a +3 broad axe of flaming
  8933 | Orc:1    | Entered Level 1 of the Orcish Mines
  8933 | Orc:1    | Noticed an orc sorcerer
  8941 | Orc:1    | Reached skill level 5 in Invocations
  9062 | Orc:2    | Entered Level 2 of the Orcish Mines
  9133 | Orc:2    | Reached ***** piety under Makhleb
  9153 | Orc:1    | Killed an orc sorcerer
  9253 | Orc:1    | You fall into a shaft and drop 1 floor!
  9488 | Orc:2    | Found a staircase to the Elven Halls.
  9495 | Orc:2    | Found a frozen archway.
  9508 | IceCv    | Entered an ice cave
  9526 | IceCv    | Found a transporter.
  9558 | IceCv    | Noticed a white ugly thing
  9562 | IceCv    | Found a transporter.
  9602 | Orc:2    | Noticed an orc high priest
  9609 | Orc:2    | Noticed a soul eater
  9684 | Orc:2    | Killed an orc high priest
  9738 | Orc:2    | Reached skill level 9 in Axes
  9738 | Orc:2    | Reached XP level 12. HP: 94/94 MP: 18/18
  9762 | Orc:2    | Found Issoihegg's Antique Weapon Shoppe.
  9762 | Orc:2    | Noticed an orc high priest
  9769 | Orc:2    | Killed an orc high priest
  9801 | Orc:2    | Bought a polished hand axe for 192 gold pieces
  9801 | Orc:2    | Identified the +11 hand axe "Banyj" {freeze, +Blink Will+}
                  | (You bought it in a shop on level 2 of the Orcish Mines)
  9805 | Orc:2    | Found Tomeicy's Antique Weapon Boutique.
  9805 | Orc:2    | Noticed an orc high priest
  9817 | Orc:2    | Killed an orc high priest
  9838 | Orc:2    | Noticed an orc high priest
  9860 | Orc:2    | Killed an orc high priest
  9895 | Orc:2    | Noticed an orc high priest
  9897 | Orc:2    | Noticed an orc high priest
  9916 | Orc:2    | HP: 3/94 [orange demon[an orc high priest] (12)]
  9916 | Orc:2    | Slain by a rust devil

Illustrated notes

Levels and vault maps discovered:
D:1:      eino_arrival_cavern_d, layout_loops_cross
D:2:      minmay_skewed_foursquare, layout_loops_cross, kennysheep_flooded_box
D:3:      layout_loops_cross, mainiacjoe_overflow_catwalk_spiral,
          gup_sewer_entry_pipe
D:4:      layout_loops_corners, minivault_27, minmay_misc_feat_alley, uniq_ijyb,
          uniq_pikel
D:5:      minmay_thinvault, layout_gridville, nicolae_hepliaklqana_hazy_memory,
          grunt_gozag_breadcrumbs, minmay_temple_entry_mini_moons, st_stairs_12
D:6:      layout_gridville, kb_lookout_dungeons_type, uniq_sigmund
D:7:      nicolae_cairo_tiling_large, layout_loops_cross, uniq_joseph,
          uniq_duvessa, uniq_maggie
D:9:      layout_loops_cross, grunt_temple_overflow_open, enter_bailey_4,
          serial_shops, nicolae_shop_window_shopping, hangedman_feature_mirror,
          grunt_ministairs_1
D:10:     layout_small_grid, grunt_nemelex_the_gamble, lair_entry_dummy,
          zombieorc2_lemuel, introduction_to_nature_2
Temple:   hellmonk_temple_of_storms
Orc:1:    layout_caves, gammafunk_ghost_cemetery
Orc:2:    st_orc_town, layout_caves, portal_ice_cave_rime, nicolae_orc_lava_tube

Skill      XL: |  1  2  3  4  5  6  7  8  9 10 11 12 |
---------------+-------------------------------------+-----
Axes           | 2 3 4 5 6 7 9 |  9.2
Armour         | 3 4 5 6 7 8 |  8.0
Shields        | 3 4 5 6 7 8 |  8.1
Dodging        | 1 3 4 5 6 7 |  7.2
Fighting       | 4 5 6 7 8 |  8.9
Invocations    | 4 6 |  6.5
Spellcasting   | 2 4 |  4.4

Action                     |  1- 3 |  4- 6 |  7- 9 | 10-12 || total
---------------------------+-------+-------+-------+-------++-------
  Melee: War axe           |   122 |   139 |   233 |   381 ||   875
         Broad axe         |       |       |       |   201 ||   201
  Evoke: Wand              |       |       |     6 |       ||     6
    Use: Scroll            |     5 |     1 |    10 |     8 ||    24
         Potion            |       |     3 |       |     8 ||    11
   Stab: Invisible         |       |       |       |     1 ||     1
 Armour: Scale mail        |    61 |    78 |    76 |       ||   215
         Skin              |       |     9 |       |       ||     9
         Chain mail        |       |       |    11 |   175 ||   186
  Dodge: Dodged            |    50 |    63 |   136 |   492 ||   741
  Block: Buckler           |    18 |    69 |   121 |   411 ||   619

Table legend: (Time is in decaauts)
 A = Elapsed time spent in this place.
 B = Non-inter-level travel time spent in this place.
 C = Inter-level travel time spent in this place.
 D = Time resting spent in this place.
 E = Time spent auto-exploring this place.
 F = Levels seen in this place.
 G = Mean time per level.
                   A        B        C        D        E       F      G
               +--------+--------+--------+--------+--------+-----+--------+
         Total |  10247 |   9852 |    395 |   1489 |   5285 |  15 |  683.1 |
       Dungeon |   8436 |   8148 |    288 |   1247 |   4854 |   9 |  937.3 |
        Temple |     30 |      2 |     28 |      0 |      0 |   1 |   30.0 |
  Orcish Mines |    912 |    833 |     79 |     42 |    177 |   2 |  456.0 |
         Sewer |    399 |    399 |      0 |    135 |    124 |   1 |  399.0 |
        Bailey |    392 |    392 |      0 |     37 |    129 |   1 |  392.0 |
      Ice Cave |     76 |     76 |      0 |     28 |      0 |   1 |   76.0 |
               +--------+--------+--------+--------+--------+-----+--------+

Top non-repeatable levels by time:
     D:5: 1096 daAuts
     D:2: 1030 daAuts
     D:7: 1008 daAuts
     D:4: 999 daAuts
     D:1: 953 daAuts
    D:10: 905 daAuts
     D:3: 893 daAuts
     D:9: 869 daAuts
   Orc:2: 699 daAuts
     D:6: 680 daAuts
   Sewer: 399 daAuts
  Bailey: 392 daAuts
   Orc:1: 213 daAuts
   IceCv: 76 daAuts
  Temple: 30 daAuts
